 Dungeon Crawl Stone Soup version 0.31-a0-348-g810772c3d7 (webtiles) character file.

Game seed: 13901509197339047376

1940 AIAndy the Skirmisher (level 8, -4/78 HPs)
             Began as a Minotaur Hunter on July 23, 2023.
             Was an Initiate of Gozag.
             Slain by a troll (12 damage)
             ... on level 7 of the Dungeon.
             The game lasted 00:18:01 (5718 turns).

AIAndy the Skirmisher (Minotaur Hunter)             Turns: 5718, Time: 00:18:02

Health: -4/78      AC:  8    Str: 15    XL:     8   Next: 98%
Magic:  7/7        EV: 10    Int:  6    God:    Gozag
Gold:   571        SH:  0    Dex: 17    Spells: 7/7 levels left

rFire   . . .        r - +3 sling (heavy)
rCold   . . .        (no shield)
rNeg    . . .        C - +0 scale mail
rPois   .            (helmet restricted)
rElec   .            (no cloak)
rCorr   .            d - +1 pair of gloves
SInv    +            (no boots)
Will    +....        s - amulet of the acrobat Stlth
                     v - ring of see invisible
HPRegen 0.33/turn    H - ring of willpower
MPRegen 0.10/turn

%: acrobat
@: no status effects
A: horns 2, retaliatory headbutt
a: Renounce Religion, Potion Petition, Call Merchant, Bribe Branch


You were on level 7 of the Dungeon.
You worshipped Gozag.
Gozag was pleased with you.
You visited 1 branch of the dungeon, and saw 7 of its levels.

You collected 840 gold pieces.
You spent 143 gold pieces at shops.
You paid 126 gold pieces to Gozag.


Innate Abilities, Weirdness & Mutations

You have a pair of horns on your head.
You reflexively headbutt those who attack you in melee.


   Skills:
 + Level 9.3 Fighting
 + Level 10.8 Ranged Weapons
 - Level 2.1 Dodging
 - Level 0.7 Stealth


You had 7 spell levels left.
You didn't know any spells.
Your spell library contained the following spells:

 Spells                   Type           Power      Damage    Failure   Level
 Portal Projectile        Hex/Tloc       0%         N/A       99%         3
 Tukima's Dance           Hex            0%         N/A       99%         3
 Iskenderun's Mystic Bla  Conj/Tloc      0%         2d3       100%        4
 Malign Gateway           Summ/Tloc      0%         N/A       100%        7
 Summon Horrible Things   Summ           0%         N/A       100%        8

Inventory:

Hand Weapons
 a - a +0 shortbow
 r - a +3 heavy sling (weapon)
 I - a +2 sling of flaming
Missiles
 G - a throwing net {=f}
Armour
 c - a +0 leather armour
 d - a +1 pair of gloves (worn)
 C - a +0 scale mail (worn)
Magical Staves
 D - a staff of earth
Jewellery
 s - an amulet of the acrobat (around neck)
 v - a ring of see invisible (left hand)
 H - a ring of willpower (right hand)
 K - an amulet of magic regeneration
Wands
 J - a wand of roots (5)
Scrolls
 b - a scroll of butterflies
 e - a scroll of vulnerability {unknown}
 f - a scroll of poison {!r}
 h - a scroll of noise {!r}
 k - a scroll of torment {unknown}
 m - a scroll of blinking
 n - 2 scrolls of teleportation {@r4}
 o - a scroll of revelation
 p - a scroll of fog {unknown}
 x - 3 scrolls of amnesia
 y - a scroll of enchant weapon
 B - a scroll of enchant armour {unknown}
 F - a scroll of immolation {!r}
Potions
 i - a potion of attraction {!q}
 j - 2 potions of cancellation
 l - a potion of ambrosia
 q - 3 potions of heal wounds {@q2}
 t - a potion of mutation {!q}
 u - 3 potions of invisibility
 w - a potion of magic
 z - 3 potions of curing {@q1}
 A - a potion of lignification {!q}
 L - a potion of enlightenment

Dungeon Overview and Level Annotations

Branches:
Dungeon (7/15)             Temple (0/1) D:5

Altars:
Gozag

Shops:
D:1 *   D:2 ! D:5

[ #.#,,,,,* #..# *.#
#.#**,##*****#..#**.#
#.# *,..,,,,,...#,,.#
#.# *,.#*******,*,*##
#.# *,.# *,*,* # #.#
*,.###*****,*,* #.#
*,...,,,,,*,*,*
##.####.#*****,*,*,*##
#....@T.# *,*,*,,..
######### *,*,,,,..
*,,,,,,.. *,*****#.
*,* #, *,* *, *** **


You could see a troll.


Message History

You shoot a sling bullet. The sling bullet hits the troll!
The troll is heavily wounded.
The troll barely misses you. You furiously retaliate!
You headbutt the troll. The troll claws you! The troll claws you.
The troll bites you but does no damage.
The troll claws you but does no damage. x2
You shoot a sling bullet. The sling bullet hits the troll!
The troll is almost dead.
The troll bites you! The troll closely misses you. x2
You shoot a sling bullet.
The sling bullet closely misses the troll.
The troll bites you!
* * * LOW HITPOINT WARNING * * *
The troll claws you.
* * * LOW HITPOINT WARNING * * *
The troll claws you!
* * * LOW HITPOINT WARNING * * *
The troll closely misses you. The troll claws you.
* * * LOW HITPOINT WARNING * * *
The troll claws you!
* * * LOW HITPOINT WARNING * * *
Use which ability? (? or * to list)
Okay, then.
Fire: r) +3 sling (heavy)
Press: ? - help, Q - select action, (/) - cycle Shift-Dir - straight line, f/p - troll
Aim: a troll (severely wounded, 70% to hit)
You shoot a sling bullet.
The sling bullet closely misses the troll.
The troll barely misses you. The troll claws you!
You die...
Your body crumbles into a pile of gold.

Skill      XL: |  1  2  3  4  5  6  7  8 |
---------------+-------------------------+-----
Ranged Weapons | 5 6 7 8 9 10 | 10.8
Fighting       | 4 5 7 9 |  9.3
Dodging        | |  2.1
Stealth        | |  0.7

Action                     |  1- 3 |  4- 6 |  7- 9 || total
---------------------------+-------+-------+-------++-------
   Fire: Shortbow          |    66 |       |       ||    66
         Sling             |     9 |    92 |   170 ||   271
    Use: Potion            |       |     1 |     1 ||     2
         Scroll            |       |       |    17 ||    17
 Armour: Leather armour    |     9 |     8 |       ||    17
         Scale mail        |       |    35 |    46 ||    81
  Dodge: Dodged            |    17 |    50 |    77 ||   144

Levels and vault maps discovered:
D:1:      matt_arrival_diagonals, layout_basic, serial_shops,
          nicolae_shop_crystal, serial_rivers, chequers_serial_rivers_micro_e,
          chequers_serial_rivers_micro_b, chequers_serial_rivers_micro_c,
          chequers_serial_rivers_room_a, chequers_serial_rivers_marsh,
          chequers_serial_rivers_small_a, hex_intersection, moated_statue
D:2:      layout_basic, hellmonk_ecumenical_altar_arch_garden, serial_shops,
          shop
D:3:      layout_basic, serial_co_window_serial, co_window_paths_a,
          co_window_of_opportunity_a, co_window_of_opportunity_a,
          co_window_paths_b, co_window_paths_a, co_window_paths_b,
          co_window_corner_a, co_window_paths_c, co_window_corner_b,
          co_window_corner_b, co_window_broadway_b, co_window_2corner,
          glass_columns_a, fountainhead, minivault_25
D:4:      layout_layer_cave
D:5:      layout_rooms, lemuel_temple_firewalk_a, serial_shops, shop
D:6:      layout_rooms, lemuel_tele_altar
D:7:      layout_basic, enter_bailey_4, interstate_on_off

Notes
Turn   | Place    | Note
-------+----------+-------------------------------------------
     0 | D:1      | AIAndy the Minotaur Hunter began the quest for the Orb.
     0 | D:1      | Reached XP level 1. HP: 18/18 MP: 0/0
   297 | D:1      | Found Pifuamok's Assorted Antiques.
   309 | D:1      | Reached skill level 5 in Ranged Weapons
   309 | D:1      | Reached XP level 2. HP: 25/25 MP: 1/1
   758 | D:2      | Found a faded altar of an unknown god.
   785 | D:2      | Reached XP level 3. HP: 30/30 MP: 2/2
   845 | D:2      | Reached skill level 6 in Ranged Weapons
  1342 | D:2      | Found Veecw's Distillery.
  1350 | D:2      | Bought a potion of heal wounds for 55 gold pieces
  1350 | D:2      | Bought a potion of invisibility for 88 gold pieces
  1414 | D:3      | Reached XP level 4. HP: 37/37 MP: 3/3
  2629 | D:4      | Noticed a water moccasin
  2631 | D:4      | Reached skill level 7 in Ranged Weapons
  2631 | D:4      | Reached XP level 5. HP: 40/42 MP: 4/4
  2646 | D:3      | Killed a water moccasin
  2646 | D:3      | HP: 4/42 [poisoned by a water moccasin]
  2647 | D:3      | Reached skill level 3 in Fighting
  3071 | D:4      | Reached skill level 4 in Fighting
  3071 | D:4      | Reached XP level 6. HP: 50/52 MP: 5/5
  3137 | D:4      | You fall into a shaft and drop 3 floors!
  3145 | D:6      | Found an opulent altar of Gozag.
  3149 | D:6      | Became a worshipper of Gozag Ym Sagoz the Greedy
  3346 | D:6      | Reached skill level 8 in Ranged Weapons
  3362 | D:5      | Entered Level 5 of the Dungeon
  3369 | D:5      | Reached skill level 5 in Fighting
  3372 | D:5      | Reached XP level 7. HP: 55/61 MP: 6/6
  3465 | D:5      | Found Dase's Antique Armour Boutique.
  3950 | D:4      | Reached skill level 6 in Fighting
  4262 | D:5      | Noticed an unseen horror
  4275 | D:5      | Killed an unseen horror
  4276 | D:5      | Reached skill level 7 in Fighting
  4276 | D:5      | Reached skill level 9 in Ranged Weapons
  4276 | D:5      | Reached XP level 8. HP: 51/73 MP: 7/7
  4662 | D:5      | Found a staircase to the Ecumenical Temple.
  5069 | D:6      | Reached skill level 8 in Fighting
  5069 | D:6      | Reached skill level 10 in Ranged Weapons
  5289 | D:7      | Reached skill level 9 in Fighting
  5709 | D:7      | Noticed a troll
  5717 | D:7      | HP: 7/78 [troll (7)]
  5718 | D:7      | Slain by a troll

Vanquished Creatures
  An unseen horror (D:5)
  A steam dragon (D:7)
  A water moccasin (D:3)
  A sky beast (D:7)
  A black bear (D:7)
  An ogre (D:5)
  2 centaurs
  A kobold brigand (D:7)
  3 scorpions
  4 wights
  6 hounds
  An orc priest (D:7)
  A gnoll bouda (D:4)
  An orc wizard (D:6)
  An iguana (D:6)
  7 gnolls
  10 adders
  A white imp (D:5)
  A worm (D:4)
  4 dart slugs
  14 orcs
  6 endoplasms
  5 giant cockroaches
  8 goblins
  11 hobgoblins
  6 jackals
  6 kobolds
  5 quokkas
  8 ball pythons
  5 bats
  2 frilled lizards
  4 rats
129 creatures vanquished.

Vanquished Creatures (others)
  3 kobolds (D:7)
3 creatures vanquished.

Grand Total: 132 creatures vanquished

Table legend: (Time is in decaauts)
 A = Elapsed time spent in this place.
 B = Non-inter-level travel time spent in this place.
 C = Inter-level travel time spent in this place.
 D = Time resting spent in this place.
 E = Time spent auto-exploring this place.
 F = Levels seen in this place.
 G = Mean time per level.
                   A        B        C        D        E       F      G
               +--------+--------+--------+--------+--------+-----+--------+
         Total |   5914 |   5717 |    197 |    275 |   4377 |   7 |  844.9 |
       Dungeon |   5914 |   5717 |    197 |    275 |   4377 |   7 |  844.9 |
               +--------+--------+--------+--------+--------+-----+--------+

Top non-repeatable levels by time:
     D:3: 1465 daAuts
     D:4: 1026 daAuts
     D:5: 860 daAuts
     D:1: 717 daAuts
     D:2: 682 daAuts
     D:6: 630 daAuts
     D:7: 531 daAuts

Table legend:
 A = Non-vault XP
 B = Vault XP
 C = Vault XP percentage of total XP
 D = Non-vault monster count
 E = Vault monster count
 F = Vault count percentage of total count
                 A         B        C        D         E       F
            +---------+---------+-------+---------+---------+-------
      Total |    2761 |      11 |   0.4 |     124 |       5 |   3.9
            +---------+---------+-------+---------+---------+-------
        D:1 |      31 |       0 |   0.0 |      16 |       0 |   0.0
        D:2 |      64 |       0 |   0.0 |      15 |       0 |   0.0
        D:3 |     211 |       0 |   0.0 |      27 |       0 |   0.0
        D:4 |     270 |       0 |   0.0 |      22 |       0 |   0.0
        D:5 |     929 |       0 |   0.0 |      16 |       0 |   0.0
        D:6 |     619 |       0 |   0.0 |      16 |       0 |   0.0
        D:7 |     637 |      11 |   1.7 |      12 |       5 |  29.4
            +---------+---------+-------+---------+---------+-------
